 Dungeon Crawl Stone Soup version 0.27.1-34-g3ba077fa99 (webtiles) character file.

Game seed: 3340985001450976189

96288 belegose the Fighter (level 15, -18/158 HPs)
             Began as a Troll Abyssal Knight on Jan 6, 2022.
             Was the Champion of Lugonu.
             Killed from afar by an eleionoma (23 damage)
             ... with a spray of wooden splinters
             ... on level 1 of the Swamp.
             The game lasted 01:59:24 (28139 turns).

belegose the Fighter (Troll Abyssal Knight)        Turns: 28139, Time: 01:59:27

Health: -18/158    AC:  9    Str: 28    XL:     15   Next: 68%
Magic:  22/22      EV:  7    Int:  9    God:    Lugonu [******]
Gold:   1029       SH: 18    Dex: 12    Spells: 14/14 levels left

rFire    . . .     SeeInvis .   a - +7 rapier of Nemelex Xobeh's Pride {flame, Fly rElec Dex+3}
rCold    + . .     Faith    .   g - +0 tower shield
rNeg     . . .     Spirit   .   Y - +0 troll leather armour
rPois    +         Reflect  .   (helmet restricted)
rElec    +         Harm     .   v - +1 cloak
rCorr    +         Rampage  .   (gloves unavailable)
Will     ++...                  (boots unavailable)
Stlth    +.........             e - amulet of Huqed Xuc {Acrobat rPois rC+ rCorr}
HPRegen  2.36/turn              O - ring of willpower
MPRegen  0.18/turn              h - +4 ring of slaying

@: on berserk cooldown, flying, slowed, very slow
A: large, unfitting armour, claws 3, regeneration 1, shaggy fur 1, tough skin 1
a: Renounce Religion, Depart the Abyss, Bend Space, Banish, Corrupt, Enter the
Abyss, Brand Weapon With Distortion


You were on level 1 of the Swamp.
You worshipped Lugonu.
Lugonu was exalted by your worship.
You visited 5 branches of the dungeon, and saw 24 of its levels.
You visited the Abyss 1 time.
You also visited: Sewer.

You collected 3251 gold pieces.
You spent 2222 gold pieces at shops.

Inventory:

Hand Weapons
 a - the +7 rapier of Nemelex Xobeh's Pride (weapon) {flame, Fly rElec Dex+3}
   (You found it on level 4 of the Dungeon)

   It burns those it strikes, dealing additional fire damage.
   Dex:       It affects your dexterity (+3).
   rElec:     It insulates you from electricity.
   Fly:       It grants you flight.
 b - the +7 captain's cutlass {speed, disarm}
   (You acquired it in a sewer)

   Attacks with this weapon are significantly faster.
   It may disarm weapon-wielding foes when striking them, dealing extra damage
   in the process.
 E - a +4 scimitar of flaming
Missiles
 c - a curare-tipped dart
 f - 4 throwing nets
 j - 106 poisoned darts
 l - 3 silver boomerangs (quivered)
 w - 5 javelins
 Q - 25 boomerangs
 W - 7 large rocks
Armour
 g - a +0 tower shield (worn)
 s - a +2 robe of cold resistance
 v - a +1 cloak (worn)
 D - +0 fire dragon scales
 Y - a +0 troll leather armour (worn)
Jewellery
 e - the amulet of Huqed Xuc (around neck) {Acrobat rPois rC+ rCorr}
   (You bought it in a shop on level 2 of the Orcish Mines)

   [amulet of the acrobat]

   It increases your evasion while moving and waiting.
   rC:        It protects you from cold.
   rPois:     It protects you from poison.
   rCorr:     It protects you from acid and corrosion.
 h - a +4 ring of slaying (right claw)
 n - a ring of ice
 p - a +4 ring of evasion
 O - a ring of willpower (left claw)
 Z - a ring of fire
Wands
 F - a wand of mindburst (22)
 K - a wand of polymorph (23)
 R - a wand of flame (23)
 T - a wand of iceblast (41)
Scrolls
 d - 5 scrolls of magic mapping
 i - 3 scrolls of silence
 o - 4 scrolls of blinking {unknown}
 t - 7 scrolls of teleportation
 y - 4 scrolls of fog {unknown}
 A - 3 scrolls of noise {unknown}
 I - 2 scrolls of vulnerability {unknown}
 J - 3 scrolls of enchant weapon {unknown}
 L - 2 scrolls of summoning {unknown}
 S - 3 scrolls of amnesia {unknown}
 U - 3 scrolls of fear
Potions
 k - 5 potions of lignification
 m - 5 potions of invisibility
 q - 9 potions of heal wounds
 u - 3 potions of mutation
 x - 5 potions of cancellation
 z - a potion of berserk rage
 B - 2 potions of attraction {unknown}
 C - 5 potions of haste
 G - 7 potions of ambrosia
 H - 8 potions of curing
 M - 3 potions of resistance
 N - 2 potions of might
Miscellaneous
 r - a phial of floods


   Skills:
 - Level 12.9 Fighting
 + Level 8.2(8.3) Short Blades
 - Level 2.2(5.6) Long Blades
 - Level 3.8 Maces & Flails
 + Level 10.5 Throwing
 - Level 6.0 Armour
 - Level 1.9 Dodging
 + Level 8.1 Shields
 + Level 11.7 Invocations
 + Level 11.9 Evocations


You had 14 spell levels left.
You didn't know any spells.
Your spell library contained the following spells:

 Spells                   Type           Power      Damage    Failure   Level
 Apportation              Tloc           0%         N/A       89%         1
 Corona                   Hex            0%         N/A       89%         1
 Foxfire                  Conj/Fire      0%         2x1d4     89%         1
 Summon Small Mammal      Summ           0%         N/A       89%         1
 Blink                    Tloc           N/A        N/A       96%         2
 Ensorcelled Hibernation  Hex/Ice        0%         N/A       96%         2
 Slow                     Hex            0%         N/A       96%         2
 Call Canine Familiar     Summ           0%         N/A       99%         3
 Confusing Touch          Hex            0%         N/A       99%         3
 Lesser Beckoning         Tloc           0%         N/A       99%         3
 Stone Arrow              Conj/Erth      0%         3d7       99%         3
 Summon Guardian Golem    Hex/Summ       0%         N/A       99%         3
 Tukima's Dance           Hex            0%         N/A       99%         3
 Alistair's Intoxication  Tmut/Pois      0%         N/A       100%        5
 Bolt of Magma            Conj/Fire/Erth 0%         4d4       100%        5
 Fireball                 Conj/Fire      0%         3d3       100%        5
 Freezing Cloud           Conj/Ice/Air   0%         6-21      100%        5
 Manifold Assault         Tloc           0%         N/A       100%        5
 Yara's Violent Unravell  Hex/Tmut       0%         3d3       100%        5
 Invisibility             Hex            0%         N/A       100%        6
 Simulacrum               Ice/Necr       0%         N/A       100%        6
 Fire Storm               Conj/Fire      0%         5d1       100%        9
 Polar Vortex             Ice            0%         N/A       100%        9
 Shatter                  Erth           0%         3d5*      100%        9


Dungeon Overview and Level Annotations

Branches:
Dungeon (14/15)            Temple (1/1) D:6            Lair (6/6) D:10
  Swamp (1/4) Lair:2       Spider (0/4) Lair:2        Slime (0/5) Lair:5
    Orc (2/2) D:12            Elf (0/3) Orc:2        Vaults (0/5) D:13
  Sewer (visited)

Altars:
Ashenzari
Cheibriados
Dithmenos
Elyvilon
Fedhas
Gozag
Hepliaklqana
Kikubaaqudgha
Makhleb
Nemelex Xobeh
Okawaru
Qazlal
Ru
Sif Muna
Trog
Uskayaw
Vehumet
Wu Jian
Xom
Yredelemnul
Zin
The Shining One
Beogh
Jiyva

Shops:
D:9 *   Orc:2 !:(=

Portals:
Trove: D:12 (give 5 potions of resistance)

Annotations:
D:7 exclusion: door
D:10 exclusion: door
Lair:2 exclusion: downstairs
Abyss:1 Erolcha, Rupert, Snorg


Innate Abilities, Weirdness & Mutations

You are too large for most types of armour.
You have claws for hands.
Your natural rate of healing is unusually fast.
You are covered in fur. (AC +1)
You have tough skin. (AC +1)


Message History

You puncture the eleionoma! You burn the eleionoma.
The eleionoma is heavily wounded.
The eleionoma barely misses you. You block the eleionoma's attack.
You puncture the eleionoma! You burn the eleionoma.
The eleionoma is severely wounded.
The eleionoma seems less confused.
You block the eleionoma's attack.
The water nymph points at you and mumbles some strange words.
The water rises up and strikes you!! The eleionoma hits you!
You puncture the eleionoma! You burn the eleionoma.
The eleionoma is almost dead.
The eleionoma hits you! You block the eleionoma's attack.
You closely miss the eleionoma.
The eleionoma is almost dead.
The eleionoma hits you! x2
* * * LOW HITPOINT WARNING * * *
You puncture the eleionoma! You burn the eleionoma.
You kill the eleionoma!
Lugonu accepts your kill.
The eleionoma hurls a spray of splinters at you.
The spray of wooden splinters hits you!!
* * * LOW HITPOINT WARNING * * *
The eleionoma splashes around in the water.
You closely miss the eleionoma. You block the eleionoma's attack.
You puncture the eleionoma! You burn the eleionoma.
The eleionoma is lightly wounded.
You are no longer berserk.
You are exhausted.
You feel yourself slow down.
The water nymph gestures at you while chanting.
The water rises up and strikes you!!
* * * LOW HITPOINT WARNING * * *
The eleionoma splashes around in the water.
As you read the scroll of fear, it crumbles to dust.
You assume a fearsome visage.
The water nymph resists with almost no effort.
The eleionoma easily resists.
The eleionoma looks frightened!
The tyrant leech looks frightened!
The eleionoma hurls a spray of splinters at you.
The spray of wooden splinters hits you!!
You die...

♣..♣ ♣ ♣..♣ ♣
♣♣♣ ♣..♣ ♣♣.♣♣
♣≈.♣
♣≈..♣♣♣♣♣.♣♣
♣♣≈♣♣♣.♣.♣.♣
♣.≈≈≈≈.≈♣.♣♣
♣♣R.≈≈.♣..♣♣
♣♣♣≈@R..§...♣
♣≈w≈.♣♣≈♣♣≈♣♣
≈≈≈≈≈m)..♣♣♣♣♣♣
≈≈≈≈≈♣≈..♣
≈§..≈♣.≈.♣
≈♣.≈♣♣♣≈≈♣ ...≈
♣♣≈♣ ♣ ..♣ ♣♣ ♣
♣


You could see 2 eleionomae, a tyrant leech (fleeing) and a water nymph.

Vanquished Creatures
  Kirke (Lair:2)
  The ghost of DemonSlayer the Cleaver, a journeyman DsBe of Trog (Orc:1)
  A bunyip (Swamp:1)
  An eleionoma (Swamp:1)
  An ettin (Orc:1)
  A fire dragon (Lair:6)
  An ettin (shapeshifter) (D:13)
  3 boulder beetles
  Fannar (Lair:3)
  Harold (Lair:2)
  7 hydras
  3 ogre magi (Orc:2)
  A centaur warrior (D:12)
  4 two-headed ogres
  2 dancing weapons (D:13)
  Erica (Orc:1)
  2 death yaks (Lair:5)
  Nergalle (Orc:2)
  6 skeletal warriors
  A spriggan druid (Swamp:1)
  2 orc knights
  A lindwurm (Lair:5)
  An oklob plant (Lair:2)
  A deep elf pyromancer (D:13)
  A wolf spider (Lair:2)
  2 cyclopes (D:12)
  A will-o-the-wisp (Swamp:1)
  3 manticores
  2 moths of wrath (Orc:1)
  4 elephants
  6 black mambas
  13 cane toads
  4 torpor snails
  A gargoyle (D:12)
  A water nymph (Swamp:1)
  2 unseen horrors
  2 rime drakes
  Psyche (D:9)
  3 efreet
  9 komodo dragons
  A polar bear (shapeshifter) (D:12)
  6 meliai
  2 queen bees
  7 trolls
  4 hornets
  A wind drake (Lair:6)
  12 polar bears
  A tyrant leech (Swamp:1)
  Prince Ribbit (Lair:2)
  Grinder (D:5)
  19 blink frogs
  4 dream sheep (Lair:6)
  A spriggan (Swamp:1)
  2 water elementals (D:13)
  59 yaks
  6 wyverns
  Grum (D:8)
  2 steam dragons (Lair:6)
  5 hogs
  9 basilisks
  2 vampire mosquitoes (D:11)
  14 wargs
  4 swamp worms (Swamp:1)
  5 acid dragons
  10 water moccasins
  15 hell hounds (Lair:6)
  10 orc warriors
  3 swamp drakes
  An ice beast (D:7)
  A sky beast (D:8)
  14 black bears
  11 ogres
  34 wolves
  7 centaurs
  A phantom (D:4)
  4 kobold brigands
  17 bullfrogs
  A gnoll sergeant (D:13)
  A water moccasin zombie (D:5)
  2 water moccasin skeletons
  61 killer bees
  7 wights
  A troll skeleton (D:10)
  6 electric eels
  3 spriggan skeletons (D:10)
  6 centaur zombies
  17 orc priests
  2 hounds (D:4)
  A jelly (D:6)
  5 iguanas
  34 orc wizards
  2 killer bee zombies
  A hound skeleton (D:4)
  A howler monkey zombie (D:7)
  3 river rats
  9 adders
  3 gnolls (D:13)
  A howler monkey skeleton (D:4)
  2 shadow imps (D:5)
  A white imp (D:8)
  2 ufetubi (D:6)
  An adder skeleton (D:4)
  4 worms
  A dart slug (D:1)
  63 orcs
  6 bats
  10 endoplasms
  7 giant cockroaches
  8 goblins
  6 hobgoblins
  A jackal (D:4)
  3 quokkas
  13 ball pythons
  10 frilled lizards
  18 kobolds
  28 rats
748 creatures vanquished.

Vanquished Creatures (others)
  A manticore (D:12)
  3 electric eels (D:13)
  2 gnolls (D:13)
  An orc (D:9)
  A bush (Lair:3)
  2 foxfires (Swamp:1)
  75 fungi
  147 plants
  3 toadstools (D:5)
235 creatures vanquished.

Grand Total: 983 creatures vanquished

Notes
Turn   | Place    | Note
-------+----------+-------------------------------------------
     0 | Abyss:1  | belegose the Troll Abyssal Knight began the quest for the
                  | Orb.
     0 | Abyss:1  | Reached XP level 1. HP: 22/22 MP: 1/1
    26 | Abyss:1  | Noticed a spatial maelstrom
    29 | Abyss:1  | Noticed a spatial vortex
    29 | D:1      | Escaped the Abyss
    60 | D:1      | Found a faded altar of an unknown god.
   297 | D:1      | Reached * piety under Lugonu
   298 | D:1      | Reached XP level 2. HP: 29/29 MP: 2/2
   926 | D:2      | Reached XP level 3. HP: 36/36 MP: 3/3
  1581 | D:3      | Reached skill level 3 in Fighting
  1581 | D:3      | Reached XP level 4. HP: 45/45 MP: 4/4
  2123 | D:3      | Reached ** piety under Lugonu
  2196 | D:3      | Found a radiant altar of Vehumet.
  2355 | D:4      | Reached XP level 5. HP: 53/53 MP: 6/6
  2407 | D:4      | Noticed a phantom
  2612 | D:4      | Killed a phantom
  2715 | D:4      | Reached XP level 6. HP: 62/62 MP: 7/7
  2841 | D:4      | Found a basalt altar of Yredelemnul.
  2841 | D:4      | Found a hide-covered altar of Uskayaw.
  2842 | D:4      | Found a shadowy altar of Dithmenos.
  2999 | D:4      | Identified the +7 rapier of Nemelex Xobeh's Pride {flame,
                  | Fly rElec Dex+3}
  3019 | D:4      | Found an ornate altar of the Wu Jian Council.
  3141 | D:5      | Entered Level 5 of the Dungeon
  3142 | D:5      | Noticed a water moccasin
  3146 | D:5      | Reached skill level 4 in Fighting
  3212 | D:5      | Reached XP level 7. HP: 40/70 MP: 7/9
  3220 | D:5      | Reached skill level 1 in Short Blades
  3220 | D:5      | Reached skill level 1 in Armour
  3220 | D:5      | Reached skill level 1 in Evocations
  3242 | D:5      | Noticed Grinder
  3408 | D:5      | Paralysed by Grinder for 4 turns
  3427 | D:5      | Killed Grinder
  3428 | D:5      | Reached XP level 8. HP: 79/79 MP: 10/10
  3503 | D:5      | Found a glowing drain.
  3511 | Sewer    | Entered a sewer
  3567 | Sewer    | Reached *** piety under Lugonu
  3999 | Sewer    | Identified 4 scrolls of acquirement
  3999 | Sewer    | Acquired the +7 captain's cutlass {speed, disarm}
  3999 | Sewer    | Found the +7 captain's cutlass {speed, disarm}
  4231 | D:5      | Reached **** piety under Lugonu
  4350 | D:5      | Acquired a manual of Fighting
  4355 | D:5      | Acquired 1020 gold pieces
  4357 | D:5      | Acquired a +4 ring of slaying
  4393 | D:5      | Reached skill level 5 in Fighting
  4426 | D:6      | Found a staircase to the Ecumenical Temple.
  4433 | D:6      | Reached skill level 5 in Invocations
  4441 | Temple   | Entered the Ecumenical Temple
  4610 | D:6      | Reached skill level 1 in Long Blades
  4774 | D:6      | Reached skill level 1 in Throwing
  5279 | D:7      | Reached XP level 9. HP: 74/89 MP: 7/12
  5465 | D:7      | Found an ornate altar of the Wu Jian Council.
  6009 | D:7      | Found a shimmering blue altar of Sif Muna.
  6044 | D:7      | Reached skill level 6 in Fighting
  6067 | D:7      | Found a glowing golden altar of the Shining One.
  6607 | D:8      | Noticed Grum
  6627 | D:8      | Killed Grum
  6790 | D:8      | Found a snail-covered altar of Cheibriados.
  6861 | D:8      | Reached skill level 7 in Fighting
  6861 | D:8      | Reached XP level 10. HP: 82/102 MP: 8/13
  7270 | D:9      | Noticed Psyche
  7278 | D:9      | Killed Psyche
  7417 | D:9      | Reached ***** piety under Lugonu
  7531 | D:9      | Found a sparkling altar of Nemelex Xobeh.
  7642 | D:9      | Paralysed by a hornet for 3 turns
  7863 | D:9      | Found a sacrificial altar of Ru.
  7935 | D:9      | Found Morinow's Demolitions Depot.
  7944 | D:9      | Bought a manual of Evocations for 1040 gold pieces
  8051 | D:9      | Noticed a two-headed ogre
  8065 | D:9      | Killed a two-headed ogre
  8066 | D:9      | Reached skill level 5 in Armour
  8180 | D:9      | Reached skill level 8 in Fighting
  8453 | D:10     | Entered Level 10 of the Dungeon
  8524 | D:9      | Reached skill level 5 in Evocations
  8703 | D:10     | Found a stormy altar of Qazlal.
  8889 | D:10     | Identified the +2 leather armour "Cestozeh" {Will+ rCorr
                  | Int-5 Dex+8}
  8962 | D:10     | Reached XP level 11. HP: 59/111 MP: 7/15
  9167 | D:10     | Noticed a two-headed ogre
  9175 | D:10     | Killed a two-headed ogre
  9176 | D:10     | Reached skill level 5 in Throwing
  9273 | D:10     | Found a staircase to the Lair.
  9641 | D:11     | Noticed a two-headed ogre
  9678 | D:11     | Killed a two-headed ogre
  9679 | D:11     | Reached skill level 9 in Fighting
 10063 | D:11     | Found a faded altar of an unknown god.
 10295 | D:11     | Found a hazy altar of Hepliaklqana.
 10295 | D:11     | Noticed a skeletal warrior
 10319 | D:11     | Killed a skeletal warrior
 10566 | D:12     | Noticed a four-headed hydra
 10576 | D:12     | Killed a four-headed hydra
 10756 | D:12     | Reached skill level 1 in Shields
 10884 | D:12     | Noticed a six-headed hydra
 10891 | D:12     | Killed a six-headed hydra
 10891 | D:12     | Noticed a boulder beetle
 11080 | D:12     | Noticed a skeletal warrior
 11082 | D:12     | Noticed a skeletal warrior
 11083 | D:12     | Noticed a skeletal warrior
 11084 | D:12     | Killed a skeletal warrior
 11084 | D:12     | Noticed a skeletal warrior
 11085 | D:12     | Noticed a skeletal warrior
 11091 | D:12     | Killed a skeletal warrior
 11098 | D:12     | Killed a skeletal warrior
 11141 | D:12     | Killed a skeletal warrior
 11142 | D:12     | Reached XP level 12. HP: 69/126 MP: 8/17
 11160 | D:12     | Reached skill level 10 in Fighting
 11365 | D:12     | Found a portal to a secret trove of treasure.
 11478 | D:12     | Killed a boulder beetle
 11498 | D:12     | Found a staircase to the Orcish Mines.
 11608 | Lair:1   | Entered Level 1 of the Lair of Beasts
 12817 | Lair:2   | Found a staircase to the Swamp.
 12842 | Lair:2   | Found a hole to the Spider Nest.
 12853 | Lair:2   | Noticed a boulder beetle
 13174 | Lair:2   | Noticed a six-headed hydra
 13186 | Lair:2   | Killed a six-headed hydra
 13267 | Lair:2   | Noticed Prince Ribbit
 13317 | Lair:2   | Killed Prince Ribbit
 13327 | Lair:2   | Noticed a five-headed hydra
 13332 | Lair:2   | Killed a five-headed hydra
 13333 | Lair:2   | Reached skill level 11 in Fighting
 13634 | Lair:2   | Reached XP level 13. HP: 137/137 MP: 17/19
 13741 | Lair:2   | Noticed Harold
 13749 | Lair:2   | Killed Harold
 14093 | Lair:2   | Reached skill level 5 in Short Blades
 14669 | Lair:3   | Noticed Fannar
 14757 | Lair:3   | Killed Fannar
 14758 | Lair:3   | Reached skill level 5 in Shields
 14827 | Lair:3   | Noticed Rupert
 14983 | Lair:3   | Banished Rupert
 16073 | Lair:4   | Reached skill level 10 in Invocations
 16216 | Lair:4   | Reached skill level 12 in Fighting
 16345 | Lair:4   | Found a shadowy altar of Dithmenos.
 16880 | Lair:5   | Reached skill level 10 in Evocations
 17248 | Lair:5   | Found a staircase to the Slime Pits.
 17771 | Lair:5   | Reached XP level 14. HP: 149/149 MP: 18/20
 17976 | Lair:5   | Identified the +6 war axe of Ru's Favour {elec, Str+5
                  | Dex+3}
 18430 | Lair:5   | Found a broken altar of Ashenzari.
 18553 | Lair:5   | Reached ****** piety under Lugonu
 18559 | Lair:5   | Identified the +1 flail of Exuyjag {speed, Will+ Dex+3}
 18648 | Lair:5   | Found a viscous altar of Jiyva.
 19070 | Lair:6   | Entered Level 6 of the Lair of Beasts
 19356 | Lair:6   | Noticed Snorg
 19358 | Lair:6   | Banished Snorg
 20824 | Lair:6   | Got the Compendium of Fiery Shape Shifting
 22724 | D:13     | Found a gate to the Vaults.
 23580 | D:13     | Reached XP level 15. HP: 158/158 MP: 22/22
 24223 | Orc:1    | Entered Level 1 of the Orcish Mines
 24671 | Orc:2    | Entered Level 2 of the Orcish Mines
 24755 | Orc:2    | Reached skill level 10 in Throwing
 25113 | Orc:1    | Found a transporter.
 25159 | Orc:1    | Noticed DemonSlayer's ghost (journeyman DsBe)
 25184 | Orc:1    | Noticed Erica
 25194 | Orc:1    | Killed Erica
 25224 | Orc:1    | Found a transporter.
 25923 | Orc:1    | Killed DemonSlayer's ghost
 25924 | Orc:1    | Identified the amulet of Egey {RegenMP Rampage Fly rPois
                  | rF-}
 25969 | Orc:2    | Found a staircase to the Elven Halls.
 26445 | Orc:2    | Paralysed by something for 7 turns
 26499 | Orc:2    | Found Ver Jidu's Distillery.
 26625 | Orc:2    | Noticed Erolcha
 26645 | Orc:2    | Banished Erolcha
 26721 | Orc:2    | Found a radiant altar of Vehumet.
 26833 | Orc:2    | Noticed Nergalle
 26842 | Orc:2    | Found an ancient bone altar of Kikubaaqudgha.
 26981 | Orc:2    | Killed Nergalle
 27047 | Orc:2    | Found Jyigol Ruot's Book Boutique.
 27132 | Orc:2    | Found Itugie Xyudi's Jewellery Shop.
 27140 | Orc:2    | Found Ulereoc's Antique Weapon Shop.
 27179 | Orc:2    | Bought the amulet of Huqed Xuc {Acrobat rPois rC+ rCorr}
                  | for 807 gold pieces
 27380 | Orc:2    | Bought a ring of willpower for 375 gold pieces
 27557 | Swamp:1  | Entered Level 1 of the Swamp
 27583 | Swamp:1  | Found a glowing golden altar of the Shining One.
 27844 | Swamp:1  | Noticed Kirke
 27891 | Lair:2   | Killed Kirke
 28075 | Swamp:1  | Paralysed by a hornet for 1 turns
 28138 | Swamp:1  | HP: 2/158 [water nymph/the raging water (27)]
 28139 | Swamp:1  | Killed from afar by an eleionoma

Illustrated notes

Levels and vault maps discovered:
D:1:      dpeg_arrival_shelter, layout_loops_ring,
          hellmonk_ecumenical_altar_run_dry
D:2:      layout_loops_ring, amcnicky_mini_rare_corridor_liquid,
          minmay_tetromino_i2
D:3:      layout_loops_ring, marbit_many_paths
D:4:      layout_rooms, gammafunk_temple_overflow_claw, minmay_ruined_shrine
D:5:      layout_rooms, gup_sewer_entry_bubbles, minmay_gold_behind_fungi,
          uniq_grinder
D:6:      layout_loops_ring, minmay_temple_entry_slanted
D:7:      layout_loops_corners, tso_altar, nicolae_wu_jian_immortal_techniques,
          led_sif_book, fountainhead
D:8:      layout_loops_corners, mainiacjoe_overflow_cross_hatched, uniq_grum
D:9:      layout_long_grid, nemelex_spade_bored_becter,
          mainiacjoe_overflow_six_doors_small, serial_glass, glass_columns_b,
          glass_columns_b, glass_columns_a, serial_bayou_ford_a,
          nicolae_blasting_shop, uniq_psyche
D:10:     layout_basic, kennysheep_mini, lair_entry_dummy,
          hangedman_tell_no_tales
D:11:     layout_cave_pools, beargit_hepliaklqana_dungeon_heroes
D:12:     layout_roguey, orc_0_dummy, trove_entry_hex_spiral
D:13:     layout_roguey [special_room_bee], erik_vaults_1, serial_bayou,
          serial_bayou_shore_b, serial_bayou_lagoon_a, serial_bayou_lake_a,
          serial_bayou_shore_b
D:14:     layout_loops_ring, nicolae_gozag_seed_capital,
          hangedman_feature_mirror
Temple:   minmay_freezing_vapour_temple
Lair:1:   layout_cellular_growth
Lair:2:   layout_small_grid, minmay_swamp_entry_eels, spider_nest_entry_rubble,
          minmay_lair_oklob_chamber, uniq_prince_ribbit2, uniq_harold
Lair:3:   layout_loops_ring, serial_bayou_shore_a, uniq_rupert, uniq_fannar
Lair:4:   layout_big_grid, basic_altar
Lair:5:   regret_index_tunnel_blossom, layout_hall_layers, slime_altar_1,
          basic_altar, infiniplex_staircase_pool
Lair:6:   guppyfry_lair_end_dragon, layout_hall_layers,
          hangedman_lair_caniforms_friends, uniq_snorg
Swamp:1:  layout_falls_marsh, lemuel_altar_in_water, swamp_pool4,
          nicolae_swamp_nymph_family_reunion, uniq_kirke
Orc:1:    layout_diamond_mine, gammafunk_ghost_berserking_beasts, mines4_lemuel,
          uniq_erica
Orc:2:    kennysheep_orc_mage_school, layout_caves, nicolae_orc_stony_grotto,
          nicolae_orc_flooded_monolith

Skill      XL: |  1  2  3  4  5  6  7  8  9 10 11 12 13 14 15 |
---------------+----------------------------------------------+-----
Maces & Flails | 2 3 |  3.8
Invocations    | 2 3 4 5 6 7 8 9 10 11 | 11.7
Fighting       | 3 4 5 7 8 9 11 12 | 12.9
Short Blades   | 2 3 4 6 7 8 |  8.2
Armour         | 2 3 4 5 6 |  6.0
Evocations     | 1 3 5 7 9 10 11 | 11.9
Long Blades    | 1 2 |  2.2
Throwing       | 1 3 4 6 7 8 9 10 | 10.5
Shields        | 2 4 5 7 8 |  8.1
Dodging        | |  1.9

Action                   |  1- 3 |  4- 6 |  7- 9 | 10-12 | 13-15 || total
-------------------------+-------+-------+-------+-------+-------++-------
Melee: Mace              |    66 |   162 |       |       |       ||   228
       Quarterstaff      |    31 |       |       |       |       ||    31
       Rapier            |       |    15 |   164 |   428 |  1289 ||  1896
       Cutlass           |       |       |   204 |    81 |   230 ||   515
       Scimitar          |       |       |       |       |     7 ||     7
Throw: Javelin           |       |     1 |       |       |     2 ||     3
       Boomerang         |       |       |    10 |    17 |    33 ||    60
       Dart              |       |       |       |    26 |    66 ||    92
       Large rock        |       |       |       |     7 |     8 ||    15
Invok: Depart the Abyss  |     1 |       |       |       |       ||     1
       Banish            |       |       |       |     4 |    23 ||    27
       Bend Space        |       |       |       |       |     2 ||     2
Evoke: Wand              |       |       |     4 |    10 |    27 ||    41
       Phial of floods   |       |       |       |       |     1 ||     1
  Use: Scroll            |       |       |     6 |    13 |    10 ||    29
       Potion            |       |       |       |       |     3 ||     3
 Stab: Sleeping          |     1 |     1 |     1 |       |       ||     3
       Paralysed         |       |       |     6 |       |    10 ||    16
Armor: Robe              |    39 |    50 |   102 |     4 |       ||   195
       Acid dragon scale |       |       |       |   119 |   142 ||   261
       Troll leather arm |       |       |       |    34 |   259 ||   293
Dodge: Dodged            |    57 |   130 |   230 |   250 |   503 ||  1170
Block: Kite shield       |       |       |       |   106 |    87 ||   193
       Tower shield      |       |       |       |       |  1307 ||  1307
